 Dungeon Crawl Stone Soup version 0.25.1-8-g42b30a86e7 (webtiles) character file.

Game seed: 4745426822392737870

125 funkygono the Chiller (level 4, -2/33 HPs)
             Began as a Draconian Ice Elementalist on Dec 15, 2020.
             Slain by a kobold
             ... wielding a +5 short sword
              (6 damage)
             ... in a sewer.
             The game lasted 00:04:54 (2779 turns).

funkygono the Chiller (Draconian Ice Elementalist)  Turns: 2779, Time: 00:04:56

Health: -2/33      AC:  7    Str: 17    XL:     4   Next: 82%
Magic:  1/8        EV: 12    Int: 16    God:
Gold:   91         SH:  0    Dex: 11    Spells: 5/9 levels left

rFire    . . .     SeeInvis .   e - +0 whip (elec)
rCold    . . .     Gourm    .   (no shield)
rNeg     . . .     Faith    .   (armour unavailable)
rPois    .         Spirit   .   (helmet restricted)
rElec    .         Reflect  .   m - +0 cloak
rCorr    .         Harm     .   (no gloves)
MR       .....                  o - +0 pair of boots
Stlth    ++........             j - amulet of regeneration
HPRegen  0.51/turn              c - +6 ring of strength
MPRegen  0.11/turn              (no ring)

@: very slightly contaminated
A: unfitting armour, cold-blooded, AC +5
a: no special abilities


You were in a sewer.
You were not hungry.

You visited 1 branch of the dungeon, and saw 3 of its levels.
You also visited: Sewer.

You collected 91 gold pieces.

Inventory:

Hand Weapons
 d - a +0 dagger
 e - a +0 whip of electrocution (weapon)
Missiles
 f - 78 stones (quivered)
Armour
 m - a +0 cloak (worn)
 o - a +0 pair of boots (worn)
Jewellery
 c - a +6 ring of strength (left hand)
 j - an amulet of regeneration (around neck)
 k - an uncursed amulet of the acrobat
 l - a cursed ring of teleportation {unknown}
Scrolls
 g - a scroll of blinking
 i - a scroll of teleportation
 n - a scroll of identify
Comestibles
 b - 4 rations
 h - 4 chunks of flesh


   Skills:
 + Level 0.2 Fighting
 + Level 0.4 Maces & Flails
 * Level 2.3 Dodging
 - Level 1.7 Stealth
 * Level 3.2 Spellcasting
 * Level 5.1 Ice Magic


You had 5 spell levels left.
You knew the following spells:

 Your Spells              Type           Power        Failure   Level  Hunger
a - Freeze                Ice            ###.         2%          1    None
b - Frozen Ramparts       Ice            ###...       7%          3    ###....

Your spell library contained the following spells:

 Spells                   Type           Power        Failure   Level  Hunger
 Ozocubu's Armour         Chrm/Ice       ##......     19%         3    ###....
 Hailstorm                Conj/Ice       ##......     54%         4    ####...
 Summon Ice Beast         Ice/Summ       ##......     54%         4    ####...


Dungeon Overview and Level Annotations

Branches:
Dungeon (3/15)              Sewer (1/1)

Altars:
Cheibriados
Xom


Innate Abilities, Weirdness & Mutations

Your plain brown scales are hard. (AC +5)
You cannot fit into any form of body armour.
You are cold-blooded and may be slowed by cold attacks.


Message History

The kobold hits you with a +5 short sword.
* * * LOW HITPOINT WARNING * * *
You barely miss the kobold. The kobold hits you but does no damage.
The big kobold closely misses you. The kobold barely misses you.
The kobold hits you but does no damage.
You closely miss the kobold.
Your tail-slap misses the kobold.
The kobold closely misses you.
The big kobold hits you but does no damage.
The kobold hits you but does no damage. The kobold barely misses you.
The kobold hits you but does no damage.
You barely miss the kobold. The big kobold closely misses you.
The kobold hits you but does no damage. x2; The kobold barely misses you.
The big kobold hits you but does no damage.
You miss the kobold. The kobold closely misses you.
The kobold hits you with a +5 short sword.
* * * LOW HITPOINT WARNING * * *
The kobold barely misses you. The big kobold hits you with a +0 whip.
* * * LOW HITPOINT WARNING * * *
The kobold hits you with a +5 short sword.
You die...

##### ### ..P..##.#
.....(..########
..........#..!.#####
..........KK.!.#.∩.#
....≈(≈≈..@K?∩.#.∩.#
....≈P≈≈P.#K...#...#
######≈≈########'###
≈≈≈≈≈≈≈≈≈≈≈≈≈≈≈≈≈≈≈#
≈≈≈≈≈≈≈≈≈≈≈≈≈≈≈≈≈≈≈#
≈≈≈≈≈≈≈≈≈≈≈≈≈≈≈≈≈≈≈#
≈≈≈#################
P≈≈ .≈


You could see a big kobold and 3 kobolds.

Vanquished Creatures
  A worker ant (D:3)
  2 adders (D:3)
  A river rat (D:3)
  2 oozes
  2 worms
  3 dart slugs (D:1)
  3 leopard geckos
  5 bats
  A giant cockroach (D:1)
  8 hobgoblins
  3 jackals (D:1)
  2 ball pythons (D:3)
  2 frilled lizards
  6 goblins
  8 kobolds
  4 rats
53 creatures vanquished.

Notes
Turn   | Place    | Note
-------+----------+-------------------------------------------
     0 | D:1      | funkygono the Draconian Ice Elementalist began the quest
                  | for the Orb.
     0 | D:1      | Reached XP level 1. HP: 14/14 MP: 3/3
   547 | D:1      | Reached XP level 2. HP: 12/20 MP: 5/5
  1177 | D:1      | Reached XP level 3. HP: 20/26 MP: 3/6
  2201 | D:2      | Found a snail-covered altar of Cheibriados.
  2201 | D:2      | Found a shimmering altar of Xom.
  2350 | D:3      | Reached XP level 4. HP: 33/33 MP: 3/8
  2384 | D:3      | Reached skill level 5 in Ice Magic
  2472 | D:3      | Learned a level 3 spell: Frozen Ramparts
  2672 | D:3      | Found a glowing drain.
  2724 | Sewer    | Entered a sewer
  2757 | Sewer    | Noticed a big kobold
  2779 | Sewer    | Slain by a kobold

Illustrated notes

Levels and vault maps discovered:
D:1:      wander_arrival_chamber, layout_loops_ring, serial_bayou_pond_c,
          minmay_misc_feat_rugged
D:2:      layout_basic, gammafunk_temple_overflow_wave
D:3:      layout_basic, portal_sewer_entry_b
Sewer:    kennysheep_pipe_town

Skill      XL: |  1  2  3  4 |
---------------+-------------+-----
Dodging        | 2 |  2.3
Ice Magic      | 5 |  5.1
Spellcasting   | 3 |  3.2
Fighting       | |  0.2
Maces & Flails | |  0.4
Stealth        | |  1.7

Action                   |  1- 3 |  4- 6 || total
-------------------------+-------+-------++-------
Melee: Unarmed           |    10 |       ||    10
       Whip              |    70 |    31 ||   101
       Tailslap          |     7 |     1 ||     8
       Dagger            |     1 |       ||     1
 Cast: Freeze            |    37 |    23 ||    60
  Use: Scroll            |     2 |       ||     2
       Potion            |       |     1 ||     1
 Stab: Sleeping          |     2 |       ||     2
  Eat: Chunk             |     5 |     1 ||     6
Armor: Skin              |    43 |    42 ||    85
Dodge: Dodged            |    63 |    70 ||   133
